 Dungeon Crawl Stone Soup version 0.31.0-11-ge490571c62 (webtiles) character file.

Game seed: 2089214383797086677

161 ProzacElf the Shooter (level 5, -4/25 HPs)
             Began as a Spriggan Hunter on Jan 31, 2024.
             Slain by an orc priest
             ... wielding a +0 flail
              (8 damage)
             ... on level 4 of the Dungeon.
             The game lasted 00:04:46 (2925 turns).

ProzacElf the Shooter (Spriggan Hunter)             Turns: 2925, Time: 00:04:47

Health: -4/25      AC:  2    Str:  9    XL:     5   Next: 19%
Magic:  6/6        EV: 19    Int: 11    God:
Gold:   86         SH:  0    Dex: 18    Spells: 4/4 levels left

rFire   . . .        a - +0 shortbow
rCold   . . .        (shield currently unavailable)
rNeg    . . .        c - +0 robe
rPois   .            (helmet restricted)
rElec   .            (no cloak)
rCorr   .            (gloves unavailable)
SInv    +            (boots unavailable)
Will    .....        (no amulet)
Stlth   +++          p - ring of wizardry
HPRegen 0.24/turn    (no ring)
MPRegen 0.10/turn

%: wizardry (x1)
@: very quick
A: very small, no large weapons, unfitting armour, see invisible, speed 3
a: no special abilities


You were on level 4 of the Dungeon.
You visited 1 branch of the dungeon, and saw 4 of its levels.

You collected 86 gold pieces.

Inventory:

Hand Weapons
 a - a +0 shortbow (weapon)
 b - a +2 whip of flaming
 h - a +0 spear
 r - a +0 scimitar
Armour
 c - a +0 robe (worn)
Jewellery
 p - a ring of wizardry (left hand)
Scrolls
 d - 2 scrolls of butterflies
 e - a scroll of blinking {unknown}
 f - 6 scrolls of identify {unknown}
 i - 2 scrolls of poison {unknown}
 k - 2 scrolls of enchant weapon {unknown}
 o - a scroll of fear {unknown}
 q - a scroll of teleportation {unknown}
 s - a scroll of fog {unknown}
 u - a scroll of noise {unknown}
Potions
 g - a potion of lignification {unknown}
 j - a potion of brilliance {unknown}
 l - a potion of enlightenment {unknown}
 m - 3 potions of heal wounds {unknown}
 n - a potion of haste {unknown}
 t - a potion of curing {unknown}


   Skills:
 - Level 1.5 Fighting
 + Level 5.0 Ranged Weapons
 + Level 4.6 Dodging
 + Level 4.7 Stealth


You had 4 spell levels left.
You didn't know any spells.
Your spell library contained the following spells:

 Spells                   Type           Power      Damage    Failure   Level
 Lesser Beckoning         Tloc           0%         N/A       21%         2
 Dazzling Flash           Conj/Hex       0%         N/A       38%         3
 Gell's Gravitas          Tloc           0%         N/A       38%         3
 Teleport Other           Tloc           0%         N/A       38%         3
 Volatile Blastmotes      Fire/Tloc      0%         2d10      38%         3
 Starburst                Conj/Fire      0%         6d3       100%        6
 Maxwell's Capacitive Co  Air            0%         ∞         100%        8


Dungeon Overview and Level Annotations

Branches:
Dungeon (4/15)
 Temple: D:4-7

Altars:


Innate Abilities, Weirdness & Mutations

You are very small and have problems with some larger weapons.
You are too small for most types of armour.
You have supernaturally acute eyesight. (SInv)
You cover ground extremely quickly. (Speed+++)


Message History

Fire: a) +0 shortbow
Press: ? - help, Q - select action Shift-Dir - straight line, f/p - orc priest
Aim: an orc priest, wieldin' a +0 flail an' wearin' a +4 scale mail (lightly wounded, 66% ta hit) Ye shoot an arrow.
Tha arrow hits tha orc priest!
Tha orc priest be severely wounded.
Tha orc priest closely misses ye.
Fire: a) +0 shortbow
Press: ? - help, Q - select action Shift-Dir - straight line, f/p - orc priest
Aim: an orc priest, wieldin' a +0 flail an' wearin' a +4 scale mail (severely wounded, 66% ta hit) Ye shoot an arrow.
Tha arrow barely misses tha orc priest.
Tha orc priest hits ye wit' a +0 flail.
* * * LOW HITPOINT WARNIN'
* * * Ye take 3 damage, an' haf 3/25 hp.
Fire: a) +0 shortbow
Press: ? - help, Q - select action Shift-Dir - straight line, f/p - orc priest
Aim: an orc priest, wieldin' a +0 flail an' wearin' a +4 scale mail (severely wounded, 66% ta hit) Ye shoot an arrow.
Tha arrow barely misses tha orc priest.
Tha orc priest misses ye.
Fire: a) +0 shortbow
Press: ? - help, Q - select action Shift-Dir - straight line, f/p - orc priest
Aim: an orc priest, wieldin' a +0 flail an' wearin' a +4 scale mail (severely wounded, 66% ta hit) Ye shoot an arrow.
Tha arrow hits tha orc priest but does nay damage.
Tha orc priest be severely wounded.
Tha orc priest closely misses ye.
Tha orc priest misses ye.
Fire: a) +0 shortbow
Press: ? - help, Q - select action Shift-Dir - straight line, f/p - orc priest
Aim: an orc priest, wieldin' a +0 flail an' wearin' a +4 scale mail (severely wounded, 66% ta hit) Ye shoot an arrow.
Tha arrow hits tha orc priest but does nay damage.
Tha orc priest be severely wounded.
Tha orc priest closely misses ye.
Fire: a) +0 shortbow
Press: ? - help, Q - select action Shift-Dir - straight line, f/p - orc priest
Aim: an orc priest, wieldin' a +0 flail an' wearin' a +4 scale mail (severely wounded, 66% ta hit) Ye shoot an arrow.
Tha arrow hits tha orc priest but does nay damage.
Tha orc priest be severely wounded.
Tha orc priest hits ye wit' a +0 flail!
Ye die...

#############
#...........#
#...........#
#...........#
#...........#
#......)....+
#.....o@....#
#.....).....#
#############
###### #....#


You could see an orc priest.

Vanquished Creatures
  6 adders
  3 gnolls (D:3)
  4 dart slugs
  A ribbon worm (D:3)
  2 orcs (D:4)
  10 ball pythons
  5 endoplasms
  2 giant cockroaches
  5 hobgoblins
  6 jackals
  2 quokkas (D:1)
  4 bats
  3 goblins
  8 kobolds
  5 rats
66 creatures vanquished.

Notes
Turn   | Place    | Note
-------+----------+-------------------------------------------
     0 | D:1      | ProzacElf the Spriggan Hunter began the quest for the Orb.
     0 | D:1      | Reached XP level 1. HP: 10/10 MP: 2/2
   204 | D:1      | Reached XP level 2. HP: 14/14 MP: 3/3
   858 | D:2      | Reached XP level 3. HP: 18/18 MP: 4/4
  1771 | D:3      | Reached XP level 4. HP: 22/22 MP: 5/5
  2399 | D:3      | Reached XP level 5. HP: 25/25 MP: 6/6
  2631 | D:3      | Reached skill level 5 in Ranged Weapons
  2925 | D:4      | Slain by an orc priest

Illustrated notes

Levels and vault maps discovered:
D:1:      wander_arrival_chamber, layout_loops_ring
D:2:      layout_loops_corners, minmay_domino_4
D:3:      layout_basic
D:4:      layout_gridville, makhleb_heckhound_becter

Skill      XL: |  1  2  3  4  5 |
---------------+----------------+-----
Stealth        | 2 3 4 |  4.7
Dodging        | 3 4 |  4.6
Ranged Weapons | 5 |  5.0
Fighting       | |  1.5

Action                     |  1- 3 |  4- 6 || total
---------------------------+-------+-------++-------
   Fire: Shortbow          |   118 |   104 ||   222
 Armour: Robe              |    12 |    19 ||    31
  Dodge: Dodged            |    39 |    36 ||    75

Action                     |  1- 3 |  4- 6 || total
---------------------------+-------+-------++-------
   Fire: Shortbow          |   118 |   104 ||   222
 Armour: Robe              |    12 |    19 ||    31
  Dodge: Dodged            |    39 |    36 ||    75

Levels and vault maps discovered:
D:1:      wander_arrival_chamber, layout_loops_ring
D:2:      layout_loops_corners, minmay_domino_4
D:3:      layout_basic
D:4:      layout_gridville, makhleb_heckhound_becter
